 Dungeon Crawl Stone Soup version 0.27.0-1-g7a089689b8 (webtiles) character file.

Game seed: 4694567683748658931

1472 inmateoo the Fighter (level 8, 0/60 HPs)
             Began as a Gargoyle Artificer on Aug 5, 2021.
             Slain by an ogre (8 damage)
             ... on level 5 of the Dungeon.
             The game lasted 00:10:45 (8986 turns).

inmateoo the Fighter (Gargoyle Artificer)           Turns: 8986, Time: 00:10:46

Health: 0/60       AC: 12    Str: 24    XL:     8   Next: 78%
Magic:  8/8        EV: 12    Int: 12    God:
Gold:   233        SH:  0    Dex: 10    Spells: 7/7 levels left

rFire    + . .     SeeInvis .   n - +0 flail (freeze)
rCold    . . .     Faith    .   (no shield)
rNeg     + . .     Spirit   .   o - +2 leather armour {rF+}
rPois    ∞         Reflect  .   (no helmet)
rElec    +         Harm     .   p - +0 cloak
rCorr    .         Rampage  .   (no gloves)
Will     .....                  (no boots)
Stlth    ++........             (no amulet)
HPRegen  0.20/turn              a - +6 ring of strength
MPRegen  0.11/turn              (no ring)

@: no status effects
A: sickness immunity, AC +5, negative energy resistance 1, electricity
resistance, torment resistance 1, petrification resistance
a: no special abilities


You were on level 5 of the Dungeon.
You visited 1 branch of the dungeon, and saw 7 of its levels.

You collected 255 gold pieces.
You spent 22 gold pieces at shops.

Inventory:

Hand Weapons
 i - a +0 whip
 n - a +0 flail of freezing (weapon)
Armour
 f - a +0 kite shield
 o - a +2 leather armour of fire resistance (worn)
 p - a +0 cloak (worn)
Jewellery
 a - a +6 ring of strength (left hand)
 k - an amulet of the acrobat
Wands
 c - a wand of flame (1) (quivered)
Scrolls
 b - 3 scrolls of teleportation
 d - a scroll of amnesia
 h - 2 scrolls of identify
 j - a scroll of vulnerability {unknown}
Potions
 g - 3 potions of flight
 l - a potion of ambrosia
 m - a potion of curing {unknown}
Miscellaneous
 e - a piece from Xom's chessboard (14/15)


   Skills:
 - Level 12.2 Fighting
 * Level 4.8 Maces & Flails
 - Level 3.0 Armour
 + Level 2.8 Dodging
 + Level 4.1 Stealth
 + Level 4.1 Evocations


You had 7 spell levels left.
You didn't know any spells.
Your spell library contained the following spells:

 Spells                   Type           Power      Damage    Failure   Level
 Blink                    Tloc           N/A        N/A       50%         2
 Corpse Rot               Necr/Air       N/A        N/A       50%         2
 Poisonous Vapours        Pois/Air       0%         N/A       50%         2
 Lesser Beckoning         Tloc           0%         N/A       75%         3
 Freezing Cloud           Conj/Ice/Air   0%         6-21      100%        5
 Manifold Assault         Tloc           0%         N/A       100%        5


Dungeon Overview and Level Annotations

Branches:
Dungeon (7/15)             Temple (0/1) D:6

Altars:
Ashenzari
Hepliaklqana
Kikubaaqudgha
Makhleb
Vehumet
Xom
The Shining One

Shops:
D:2 [?

Annotations:
D:6 2 runed translucent doors, PaladinM's ghost, novice DsCK


Innate Abilities, Weirdness & Mutations

You are immune to sickness and miasma.
Your stone body is resilient. (AC +5)
You are immune to poison.
You resist negative energy. (rN+)
You are resistant to electric shocks. (rElec)
You are resistant to unholy torment.
You are immune to petrification.


Message History

Found a glowing golden altar of the Shining One.
An ogre comes into view. It is wielding a +0 giant spiked club.
You hit the phantom but do no damage. The phantom closely misses you.
You sock the phantom!
The phantom is heavily damaged.
The ogre shouts!
The phantom closely misses you.
You closely miss the phantom.
The phantom is heavily damaged.
The phantom hits you.
You barely miss the phantom.
The phantom is heavily damaged.
The phantom hits you but does no damage.
You miss the phantom.
The phantom is heavily damaged.
The phantom hits you but does no damage.
The phantom hits you.
You hit the phantom.
The phantom is severely damaged.
The phantom hits you but does no damage.
You thump the phantom!
You destroy the phantom!
The ogre barely misses you.
You barely miss the ogre. You hit the ogre. You freeze the ogre.
The ogre is lightly wounded.
The ogre hits you with a +0 giant spiked club!!
You hit the ogre. You freeze the ogre.
The ogre is moderately wounded.
The ogre hits you with a +0 giant spiked club!!
* * * LOW HITPOINT WARNING * * *
You hit the ogre. You freeze the ogre.
The ogre is heavily wounded.
The ogre hits you with a +0 giant spiked club!
* * * LOW HITPOINT WARNING * * *
You are too injured to fight recklessly!
You make a move on Xom's chessboard...
The ogre resists with significant effort.
The ogre hits you with a +0 giant spiked club!
You die...

#.###.# #.# #.#
#.###.# #.....#
###.### #.# #.#
#.# #@# #O# #.#
#.#
.###############.#
.................#
#.####.###########
....##.# .....#O#


You could see an ogre.

Vanquished Creatures
  A hornet zombie (D:6)
  A black bear (D:6)
  A sky beast (D:4)
  An ogre (D:6)
  2 necrophages (D:4)
  A phantom (D:5)
  A bullfrog (D:4)
  A water moccasin zombie (D:6)
  A wyvern skeleton (D:5)
  A water moccasin skeleton (D:4)
  2 wights (D:5)
  2 howler monkeys
  2 hounds (D:5)
  Crazy Yiuf (D:5)
  A gnoll shaman (D:6)
  2 iguanas (D:4)
  3 orc wizards
  6 gnolls
  4 adders (D:3)
  A white imp (D:6)
  4 worms
  A dart slug (D:4)
  7 orcs
  12 endoplasms
  3 giant cockroaches
  7 goblins
  6 hobgoblins
  6 jackals
  5 quokkas
  8 ball pythons
  3 bats
  3 frilled lizards
  6 kobolds
  11 rats
117 creatures vanquished.

Vanquished Creatures (collateral kills)
  A gnoll (D:6)
1 creature vanquished.

Vanquished Creatures (others)
  An orc priest (D:6)
  A shadow imp (D:6)
  A hobgoblin (D:2)
3 creatures vanquished.

Grand Total: 121 creatures vanquished

Notes
Turn   | Place    | Note
-------+----------+-------------------------------------------
     0 | D:1      | inmateoo the Gargoyle Artificer began the quest for the
                  | Orb.
     0 | D:1      | Reached XP level 1. HP: 12/12 MP: 1/1
   535 | D:1      | Reached XP level 2. HP: 10/16 MP: 2/2
  1451 | D:1      | Reached skill level 1 in Maces & Flails
  1881 | D:1      | Found a faded altar of an unknown god.
  2197 | D:1      | Reached XP level 3. HP: 16/20 MP: 3/3
  2302 | D:1      | Reached skill level 1 in Dodging
  2846 | D:2      | Found Viawyrut's Magic Scroll Boutique.
  2862 | D:2      | Bought a scroll of identify for 22 gold pieces
  3963 | D:2      | Found Ruutax's Antique Armour Boutique.
  4105 | D:2      | Reached XP level 4. HP: 25/26 MP: 4/4
  4717 | D:3      | Reached skill level 12 in Fighting
  4717 | D:3      | Reached XP level 5. HP: 45/45 MP: 5/5
  5229 | D:3      | Found a burning altar of Makhleb.
  5297 | D:4      | Noticed a necrophage
  5311 | D:4      | Killed a necrophage
  5312 | D:4      | Reached XP level 6. HP: 34/51 MP: 6/6
  6089 | D:4      | Found a radiant altar of Vehumet.
  6125 | D:4      | Noticed a necrophage
  6149 | D:4      | Killed a necrophage
  6150 | D:4      | Reached XP level 7. HP: 53/56 MP: 7/7
  6347 | D:4      | You fall into a shaft and drop 3 floors!
  6753 | D:6      | Found a runed translucent door.
  6761 | D:6      | Noticed PaladinM's ghost (novice DsCK)
  6784 | D:6      | Found a runed translucent door.
  7002 | D:5      | Entered Level 5 of the Dungeon
  7014 | D:5      | Reached XP level 8. HP: 58/60 MP: 8/8
  7154 | D:6      | Found a staircase to the Ecumenical Temple.
  7294 | D:6      | Found a large runed translucent door.
  7294 | D:6      | Found a large runed translucent door.
  7308 | D:6      | Found a broken altar of Ashenzari.
  7329 | D:6      | Found a hazy altar of Hepliaklqana.
  8335 | D:4      | Found a shimmering altar of Xom.
  8595 | D:4      | Found an ancient bone altar of Kikubaaqudgha.
  8667 | D:5      | Found a runed translucent door.
  8668 | D:5      | Noticed Crazy Yiuf
  8751 | D:5      | Killed Crazy Yiuf
  8955 | D:5      | Found a glowing golden altar of the Shining One.
  8986 | D:5      | Slain by an ogre

Illustrated notes

Levels and vault maps discovered:
D:1:      wander_arrival_estate, layout_loops_ring, basic_ecumenical_altar,
          minmay_misc_feat_four_crosses
D:2:      layout_loops_cross, serial_shops, nicolae_shop_stone, shop,
          minmay_fractal_squares_gapless_5
D:3:      layout_rooms, lightli_temple_of_fire
D:4:      layout_basic, kennysheep_mini, nicolae_vehumet_altar_sigil,
          mainiacjoe_overflow_tiny_flanked
D:5:      layout_loops_ring, old_standard_altar, uniq_crazy_yiuf_cottage
D:6:      layout_cave_pools, jmf_multi_god_temple2,
          minmay_temple_entry_from_below_b, ebering_ghost_sewer_f
D:7:      layout_layer_cave, mainiacjoe_overflow_24_doors,
          grunt_dithmenos_smoke, nemelex_diamond_rough_becter, tgw_sif,
          ebering_ghost_rock_garden, nicolae_ossuary_entry_monument

Skill      XL: |  1  2  3  4  5  6  7  8 |
---------------+-------------------------+-----
Evocations     | 3 4 |  4.1
Maces & Flails | 1 2 3 4 |  4.8
Dodging        | 1 2 |  2.8
Fighting       | 12 | 12.2
Armour         | 3 |  3.0
Stealth        | 2 3 4 |  4.1

Action                   |  1- 3 |  4- 6 |  7- 9 || total
-------------------------+-------+-------+-------++-------
Melee: Club              |   191 |       |       ||   191
       Whip              |    58 |   192 |    53 ||   303
       Flail             |       |       |   174 ||   174
Evoke: Wand              |    11 |     2 |    16 ||    29
       Piece from Xom's  |     2 |       |     1 ||     3
  Use: Scroll            |     4 |     2 |     2 ||     8
       Potion            |       |     1 |       ||     1
 Stab: Sleeping          |     3 |     2 |     2 ||     7
Armor: Leather armour    |   111 |    64 |   119 ||   294
Dodge: Dodged            |   151 |    81 |   169 ||   401
